 Seeded DCSS version 0.30.1-4-g462c640d31 (webtiles) character file.

Game seed: 6351066067085065685 (custom seed)

32 Esekla the Grave Robber (level 3, -1/19 HPs)
             Began as a Deep Elf Necromancer on Aug 26, 2023.
             Was an Initiate of Vehumet.
             Slain by a hound (3 damage)
             ... on level 3 of the Dungeon.
             The game lasted 00:07:23 (1374 turns).

Esekla the Grave Robber (Deep Elf Necromancer)      Turns: 1374, Time: 00:07:24

Health: -1/19      AC:  4    Str:  5    XL:     3   Next: 10%
Magic:  9/9        EV: 13    Int: 21    God:    Vehumet [......]
Gold:   135        SH:  0    Dex: 15    Spells: 7/8 levels left

rFire   . . .        o - +1 short sword (freeze)
rCold   . . .        (no shield)
rNeg    . . .        a - +0 robe
rPois   .            j - +0 helmet
rElec   .            (no cloak)
rCorr   .            l - +0 pair of gloves
SInv    .            (no boots)
Will    .....        (no amulet)
Stlth   ++           (no ring)
HPRegen 0.23/turn    (no ring)
MPRegen 0.11/turn

%: no passive effects
@: attractive, hasted, very quick
A: no striking features
a: Renounce Religion


You were on level 3 of the Dungeon.
You worshipped Vehumet.
Vehumet was noncommittal.
You visited 1 branch of the dungeon, and saw 4 of its levels.

You collected 135 gold pieces.

Inventory:

Hand Weapons
 o - a +1 short sword of freezing (weapon)
Armour
 a - a +0 robe (worn)
 j - a +0 helmet (worn)
 l - a +0 pair of gloves (worn)
Wands
 h - a wand of roots (9)
Scrolls
 c - a scroll of enchant armour {unknown}
 f - 3 scrolls of identify {unknown}
 m - a scroll of amnesia {unknown}
 n - 2 scrolls of enchant weapon {unknown}
Potions
 b - a potion of magic
 d - a potion of ambrosia {unknown}
 e - a potion of attraction
 i - a potion of mutation {unknown}
 k - a potion of curing {unknown}


   Skills:
 + Level 0.5 Short Blades
 * Level 2.9 Dodging
 + Level 2.8 Stealth
 * Level 3.2 Spellcasting
 + Level 5.4 Necromancy


You had 7 spell levels left.
You knew the following spells:

 Your Spells              Type           Power      Damage    Failure   Level
a - Necrotise             Necr           100%       1d9       1%          1

Your spell library contained the following spells:

 Spells                   Type           Power      Damage    Failure   Level
 Vampiric Draining        Necr           26%        2d7       4%          3
 Animate Dead             Necr           26%        N/A       14%         4
 Agony                    Necr           26%        N/A       36%         5


Dungeon Overview and Level Annotations

Branches:
Dungeon (4/15)
 Temple: D:4-7

Altars:
Okawaru
Qazlal
Vehumet
Zin
The Shining One

Shops:
D:2 =   D:4 (


Message History

You completely miss the hound.
The hound is lightly wounded.
The hound misses you. The hound closely misses you.
You closely miss the hound.
The hound is lightly wounded.
The hound bites you.
* * * LOW HITPOINT WARNING * * *
You hit the hound. You freeze the hound.
The hound is heavily wounded.
The hound closely misses you. The hound barely misses you.
You closely miss the hound.
The hound is heavily wounded.
The hound bites you but does no damage.
You hit the hound but do no damage.
The hound is heavily wounded.
The hound barely misses you. The hound completely misses you.
You barely miss the hound.
The hound is heavily wounded.
The hound bites you.
* * * LOW HITPOINT WARNING * * *
You closely miss the hound.
The hound is heavily wounded.
The hound barely misses you. x2
You completely miss the hound.
The hound is heavily wounded.
The hound misses you.
You closely miss the hound.
The hound is heavily wounded.
The hound closely misses you. The hound bites you but does no damage.
You barely miss the hound.
The hound is heavily wounded.
The hound bites you.
* * * LOW HITPOINT WARNING * * *
You barely miss the hound.
The hound is heavily wounded.
The hound pauses to sniff the ground.
The hound bites you.
* * * LOW HITPOINT WARNING * * *
It was a potion of haste.
You feel yourself speed up. The hound bites you.
You die...

##.......###
#..........#
#######....# #....#
#....# #....# #....#
##############....##
#<.@h...............
##############.####.
#.# . #.# . #.# #
#.# #.# #.#


You could see a hound.

Vanquished Creatures
  2 adders
  A dart slug (D:3)
  An endoplasm (D:3)
  2 goblins (D:3)
  2 hobgoblins
  2 bats (D:3)
  A frilled lizard (D:3)
  3 kobolds
  A rat (D:2)
15 creatures vanquished.

Notes
Turn   | Place    | Note
-------+----------+-------------------------------------------
     0 | D:1      | Esekla the Deep Elf Necromancer began the quest for the
                  | Orb.
     0 | D:1      | Reached XP level 1. HP: 10/10 MP: 6/6
   374 | D:2      | Found Renulab's Jewellery Shop.
   538 | D:4      | Found a glowing silver altar of Zin.
   550 | D:4      | Found an iron altar of Okawaru.
   562 | D:4      | Found a radiant altar of Vehumet.
   570 | D:4      | Became a worshipper of Vehumet
   726 | D:3      | Reached skill level 5 in Necromancy
   895 | D:4      | Found Ponaysk's Antique Weapon Boutique.
   930 | D:4      | Reached XP level 2. HP: 15/15 MP: 8/8
  1054 | D:4      | Found a glowing golden altar of the Shining One.
  1278 | D:2      | Noticed a black bear
  1335 | D:3      | Found a stormy altar of Qazlal.
  1360 | D:3      | Reached XP level 3. HP: 11/19 MP: 9/9
  1374 | D:3      | Slain by a hound

Illustrated notes

Levels and vault maps discovered:
D:1:      sevenhm_arrival_forest_fort_small_3, layout_rooms,
          chequers_serial_rivers_room_b, minmay_misc_feat_five
D:2:      layout_loops_ring, dreamdust_ecumenical_altar_angels_and_demons,
          serial_shops, shop
D:3:      layout_basic, grunt_temple_overflow_open, minmay_misc_feat_iff
D:4:      layout_basic, nicolae_overflow_quartered_altars, serial_shops,
          nicolae_diamond_shop

Skill      XL: |  1 |
---------------+----+-----
Necromancy     | 5 |  5.4
Short Blades   | |  0.5
Dodging        | |  2.9
Stealth        | |  2.8
Spellcasting   | |  3.2

Action                     || total
---------------------------++-------
  Melee: Short sword       ||    69
         Unarmed           ||     9
         Punch             ||     1
    Use: Scroll            ||     1
         Potion            ||     2
   Stab: Sleeping          ||     2
 Armour: Robe              ||    20
  Dodge: Dodged            ||    56
